 Dungeon Crawl Stone Soup version 0.18-a0-1523-gbe15c29 (webtiles) character file.

153 4thArraOfDagon the Poker (level 5, -5/41 HPs)
             Began as a Mummy Chaos Knight on Mar 7, 2016.
             Shot with an arrow by a centaur (10 damage)
             ... on level 4 of the Dungeon.
             The game lasted 00:04:08 (711 turns).

4thArraOfDagon the Poker (Mummy Chaos Knight)        Turns: 711, Time: 00:04:08

Health: -5/41      AC:  5    Str: 15    XL:     5   Next: 12%
Magic:  5/5        EV: 11    Int: 12    God:    Xom [..*...]
Gold:   59         SH:  0    Dex: 12    Spells: 0 memorised, 4 levels left

rFire  x . .     SeeInvis .     a - +0 spear (chaos)
rCold  + . .     Gourm    .     b - +2 leather armour
rNeg   + + +     Faith    .     (no shield)
rPois  ∞         Spirit   .     (no helmet)
rElec  .         Dismiss  .     (no cloak)
rCorr  .         Reflect  .     (no gloves)
SustAt .         Harm     .     (no boots)
MR     .....                    (no amulet)
Stlth  +.........               (no ring)
                                (no ring)

@: very slightly contaminated, not resistant to hostile enchantments, very
unstealthy
A: no food or potions, fire vulnerability, cold resistance 1, negative energy
resistance 3, torment resistance, unbreathing
a: Renounce Religion


You were on level 4 of the Dungeon.
You worshipped Xom.
You were a toy of Xom.
You were not hungry.

You visited 1 branch of the dungeon, and saw 5 of its levels.

You collected 59 gold pieces.

Inventory:

Hand Weapons
 a - a +0 spear of chaos (weapon)
Missiles
 e - 2 javelins (quivered)
Armour
 b - a +2 leather armour (worn)
Scrolls
 c - a scroll of noise {unknown}
 d - a scroll of identify {unknown}
 h - 2 scrolls of teleportation {unknown}


   Skills:
 - Level 3.0 Fighting
 * Level 4.8 Polearms
 - Level 1.5 Armour
 - Level 0.7 Dodging


You had 4 spell levels left.
You didn't know any spells.

Dungeon Overview and Level Annotations

Branches:
Dungeon (5/15)
 Temple: D:4-7

Altars:

Shops:
D:4 }

Annotations:
D:3 Natasha


Innate Abilities, Weirdness & Mutations

You do not eat or drink.
Your flesh is vulnerable to fire.
You are immune to poison.
Your flesh is cold resistant.
You are immune to negative energy.
You are immune to unholy pain and torment.
You can survive without breathing.


Message History

Okay, then.
You can't drink.
Unknown command.
Read which item? (? for menu, Esc to quit)
As you read the scroll labeled SURICU FEOPSA, it crumbles to dust.
You feel blessed for a moment.
It was a scroll of remove curse.
Read which item? (? for menu, Esc to quit)
As you read the scroll labeled HIDIUGHAWIN, it crumbles to dust.
You assume a fearsome visage.
Nothing appears to happen.
It was a scroll of fear.
Read which item? (? for menu, Esc to quit)
As you read the scroll labeled SOACLA NEVI EXT, it crumbles to dust.
The scroll dissolves into smoke.
It was a scroll of fog.
Read which item? (? for menu, Esc to quit)
As you read the scroll labeled OMYNNEA WOKLA, it crumbles to dust.
It is a scroll of amnesia.
You feel forgetful for a moment.
The centaur shoots an arrow.
The arrow hits you!
You die...
Xom bursts into laughter!

?......+..>..##.#
.......#####.##.#
....... #.##∩#
###....## ####.#
.......# #.#
#######.# #.# #.#
#.# #§#######.#
#§§@§§....#
#c#########
#§(.......
#...#..#.. #.....
... #.....c. .
#...[.....
#...#..#..
#....... .


You could see a centaur.

Vanquished Creatures
  A giant frog skeleton (D:5)
  A hound (D:4)
  Natasha (D:3)
  3 adders
  2 oozes
  3 giant geckos
  9 hobgoblins
  4 jackals (D:1)
  A quokka (D:2)
  A bat (D:2)
  2 giant newts
  3 kobolds
  3 rats
34 creatures vanquished.

Notes
Turn   | Place    | Note
--------------------------------------------------------------
     0 | D:1      | 4thArraOfDagon the Mummy Chaos Knight began the quest for the Orb.
     0 | D:1      | Reached XP level 1. HP: 18/18 MP: 1/1
     0 | D:1      | it has to work now
   217 | D:1      | XOM: smoke on damage
   219 | D:1      | Reached XP level 2. HP: 20/24 MP: 2/2
   238 | D:2      | Reached skill level 3 in Polearms
   314 | D:1      | XOM: potion effect (might)
   316 | D:1      | Reached XP level 3. HP: 8/29 MP: 3/3
   419 | D:2      | XOM: divination: detect items
   535 | D:3      | Noticed Natasha
   541 | D:3      | Killed Natasha
   541 | D:3      | Reached skill level 4 in Polearms
   541 | D:3      | Reached XP level 4. HP: 25/35 MP: 4/4
   554 | D:3      | Noticed Natasha
   570 | D:4      | XOM: potion effect (invisibility)
   613 | D:4      | XOM: divination: detect creatures
   635 | D:5      | Entered Level 5 of the Dungeon
   658 | D:5      | Reached XP level 5. HP: 3/41 MP: 5/5
   682 | D:4      | Found Naxusi's Gadget Emporium.
   691 | D:4      | XOM: mild Ice miscast
   704 | D:4      | Noticed a centaur
   711 | D:4      | Shot with an arrow by a centaur

Vault maps used:
D:1:      matt_arrival_refuge
D:3:      vehumet_crystals, uniq_natasha
D:4:      amethyst_overflow_temple_binary, overflow_temple_1_default,
          temple_hall, serial_shops, shop, shop, uniq_duvessa
D:5:      kennysheep_six_static_rooms, basic_altar, first_bread,
          cheibrodos_gnoll_hut

Skill      XL: |  1  2  3 |
---------------+----------+-----
Polearms       | 3 4 |  4.8
Fighting       | |  3.0
Armour         | |  1.5
Dodging        | |  0.7

Action                   |  1- 3 |  4- 6 || total
-------------------------+-------+-------++-------
Melee: Spear             |    95 |    34 ||   129
  Use: Scroll            |       |     4 ||     4
 Stab: Invisible         |       |     5 ||     5
       Paralysed         |       |     1 ||     1
